 Dungeon Crawl Stone Soup version 0.30.0-11-gf55b779eaf (webtiles) character file.

Game seed: 2888768245959065353

7612 NotreDorf the Spear-Bearer (level 11, -21/89 HPs)
             Began as a Merfolk Gladiator on May 17, 2023.
             Was a Believer of Makhleb.
             Demolished by a large slime creature (30 damage)
             ... on level 6 of the Dungeon.
             The game lasted 00:34:09 (6830 turns).

NotreDorf the Spear-Bearer (Merfolk Gladiator)      Turns: 6830, Time: 00:34:10

Health: -21/89     AC: 11    Str: 18    XL:     11   Next: 18%
Magic:  4/4        EV: 18    Int:  8    God:    Makhleb [**....]
Gold:   538        SH:  0    Dex: 16    Spells: 10/10 levels left

rFire   . . .        G - +5 spear (antimagic)
rCold   . . .        (no shield)
rNeg    . . .        b - +0 leather armour
rPois   .            c - +0 helmet
rElec   .            k - +1 cloak
rCorr   .            (no gloves)
SInv    .            u - +0 pair of boots
Will    .....        p - amulet of regeneration
Stlth   +            e - +4 ring of protection
HPRegen 1.14/turn    (no ring)
MPRegen 0.09/turn

%: no passive effects
@: no status effects
A: (nimble swimmer 2), mertail
a: Renounce Religion, Minor Destruction


You were on level 6 of the Dungeon.
You worshipped Makhleb.
Makhleb was pleased with you.
You visited 2 branches of the dungeon, and saw 10 of its levels.

You collected 538 gold pieces.

Inventory:

Hand Weapons
 G - a +5 antimagic spear (weapon)
 H - a +0 halberd
Missiles
 a - 10 javelins
 f - 12 boomerangs
 C - 5 throwing nets (quivered)
Armour
 b - a +0 leather armour (worn)
 c - a +0 helmet (worn)
 k - a +1 cloak (worn)
 u - a +0 pair of boots (worn)
 K - +0 steam dragon scales
Jewellery
 e - a +4 ring of protection (left hand)
 o - a ring of protection from cold
 p - an amulet of regeneration (around neck)
 s - a ring of magical power
Wands
 B - a wand of charming (15)
 L - a wand of digging (8)
Scrolls
 h - 3 scrolls of magic mapping
 i - 12 scrolls of identify
 r - 4 scrolls of teleportation
 t - a scroll of vulnerability {unknown}
 y - 2 scrolls of torment {unknown}
 A - a scroll of fear {unknown}
 J - a scroll of fog {unknown}
 M - a scroll of enchant weapon {unknown}
Potions
 d - 2 potions of might
 g - a potion of ambrosia
 l - 2 potions of flight
 m - 4 potions of mutation {unknown}
 n - a potion of degeneration
 q - a potion of cancellation {unknown}
 v - 5 potions of attraction {unknown}
 x - 3 potions of heal wounds {unknown}
 z - 3 potions of magic {unknown}
 D - 3 potions of curing
 E - a potion of haste {unknown}
 F - 2 potions of lignification {unknown}
 I - a potion of invisibility


   Skills:
 + Level 9.6 Fighting
 + Level 11.7 Polearms
 - Level 7.4 Throwing
 + Level 11.7 Dodging
 + Level 4.9 Invocations


You had 10 spell levels left.
You didn't know any spells.
Your spell library contained the following spells:

 Spells                   Type           Power      Damage    Failure   Level
 Necrotise                Necr           0%         1d4       45%         1
 Lesser Beckoning         Tloc           0%         N/A       61%         2
 Gell's Gravitas          Tloc           0%         N/A       83%         3
 Teleport Other           Tloc           0%         N/A       83%         3
 Tukima's Dance           Hex            0%         N/A       83%         3
 Vampiric Draining        Necr           0%         2d6       83%         3
 Volatile Blastmotes      Fire/Tloc      0%         2d10      83%         3
 Fulminant Prism          Conj/Hex       0%         3d5       99%         4
 Iskenderun's Mystic Bla  Conj/Tloc      0%         2d3       99%         4
 Passage of Golubria      Tloc           0%         N/A       99%         4
 Agony                    Necr           0%         N/A       100%        5
 Lee's Rapid Deconstruct  Erth           0%         3d4*      100%        5
 Yara's Violent Unravell  Hex/Tmut       0%         3d3       100%        5


Dungeon Overview and Level Annotations

Branches:
Dungeon (9/15)             Temple (1/1) D:6            Lair (0/5) D:8
    Orc: D:9-12

Altars:
Ashenzari
Cheibriados
Dithmenos
Elyvilon
Fedhas
Gozag
Hepliaklqana
Kikubaaqudgha
Makhleb
Nemelex Xobeh
Sif Muna
Uskayaw
Vehumet
Wu Jian
Xom
Zin
The Shining One
Lugonu

Shops:
D:3 *

Annotations:
D:7 1 runed translucent door, Cressida's ghost, novice MiFi


Innate Abilities, Weirdness & Mutations

((You are very nimble when in or above water. (Stealth+, EV+, Speed+++)))
Your lower body shifts to a powerful aquatic tail in water.


Message History

The large slime creature hits you!
You hit the large slime creature.
The large slime creature is moderately wounded.
You hit the large slime creature.
The large slime creature is moderately wounded.
The large slime creature hits you!!
You hit the large slime creature.
The large slime creature is moderately wounded.
You puncture the large slime creature!
The large slime creature is heavily wounded.
The large slime creature barely misses you.
You hit the large slime creature.
The large slime creature is heavily wounded.
You puncture the large slime creature!
The large slime creature is heavily wounded.
The large slime creature hits you!!
* * * LOW HITPOINT WARNING * * *
You puncture the large slime creature!
The large slime creature is heavily wounded.
You hit the large slime creature.
The large slime creature is severely wounded.
The large slime creature hits you.
* * * LOW HITPOINT WARNING * * *
You hit the large slime creature.
The large slime creature is severely wounded.
You completely miss the large slime creature.
The large slime creature is severely wounded.
The large slime creature hits you!!
* * * LOW HITPOINT WARNING * * *
You hit the large slime creature.
The large slime creature is severely wounded.
You hit the large slime creature.
The large slime creature is severely wounded.
The large slime creature misses you.
You barely miss the large slime creature.
The large slime creature is severely wounded.
You hit the large slime creature.
The large slime creature is severely wounded.
The large slime creature hits you!!
You die...

#....# ##########
####....######.P.P÷P..?
...'........##.P.P.PJ..
####....###.##÷P...÷...
.# #....# #.##.÷......÷
.# #....# #.##.....P..÷
.# ###### #.##.J.J.÷...
## ########.# #J#######
#.....##.# ##@.)...##
#..⌠...#.# ########.#
####........#
#....'..##
..##⌠.>.⌠.#.# #....####
...>........# #.......#
......⌠.....# #.......#
............# #.....(.#
#...........# #.......#
###....##...# ##.....##


You could see a large slime creature and a jelly.

Vanquished Creatures
  Maggie (D:8)
  A komodo dragon (D:8)
  Grinder (D:5)
  Prince Ribbit (D:7)
  Sigmund (D:4)
  Eustachio (D:6)
  5 yaks (D:5)
  3 wyverns
  2 basilisks (D:8)
  3 steam dragons
  Menkaure (D:7)
  Edmund (D:5)
  4 water moccasins
  Duvessa (D:4)
  A sky beast (D:6)
  2 ogres
  5 ice beasts
  2 wolves (D:5)
  3 phantoms
  3 kobold brigands
  4 bullfrogs
  2 gnoll sergeants (D:5)
  7 scorpions
  8 wights
  Dowan (D:4)
  3 jellies
  3 howler monkeys (D:7)
  An orc priest (D:4)
  5 hounds (D:5)
  3 gnoll boudas
  4 iguanas
  Terence (D:2)
  3 sleepcaps
  5 orc wizards
  A mummy (D:8)
  Robin (D:4)
  27 gnolls
  5 adders
  2 white imps
  3 ufetubi
  A worm (D:2)
  3 dart slugs
  19 orcs
  8 ball pythons
  5 endoplasms
  4 giant cockroaches
  15 goblins
  13 hobgoblins
  9 jackals (D:5)
  2 quokkas
  4 bats
  5 frilled lizards
  17 kobolds
  5 rats
241 creatures vanquished.

Notes
Turn   | Place    | Note
-------+----------+-------------------------------------------
     0 | D:1      | NotreDorf the Merfolk Gladiator began the quest for the
                  | Orb.
     0 | D:1      | Reached XP level 1. HP: 16/16 MP: 1/1
   263 | D:1      | Reached XP level 2. HP: 21/21 MP: 2/2
   894 | D:2      | Reached XP level 3. HP: 28/28 MP: 3/3
   903 | D:2      | Found a faded altar of an unknown god.
  1099 | D:2      | Noticed Terence
  1103 | D:2      | Killed Terence
  1104 | D:2      | Reached XP level 4. HP: 30/35 MP: 4/4
  1499 | D:3      | Reached skill level 5 in Dodging
  1517 | D:3      | Reached skill level 5 in Polearms
  1517 | D:3      | Reached XP level 5. HP: 37/41 MP: 5/5
  1547 | D:3      | Found Zin's Purification Station.
  1548 | D:3      | Found a glowing silver altar of Zin.
  1580 | D:3      | Identified the +5 mace of Hubris {drain, rElec rF+ rN+}
  1583 | D:3      | Found a shadowy altar of Dithmenos.
  2236 | D:4      | Reached XP level 6. HP: 44/48 MP: 6/6
  2341 | D:4      | Noticed Dowan
  2343 | D:4      | Noticed Duvessa
  2344 | D:4      | Noticed Sigmund
  2357 | D:4      | Killed Duvessa
  2358 | D:4      | Reached XP level 7. HP: 55/55 MP: 7/7
  2369 | D:4      | Killed Dowan
  2381 | D:4      | Killed Sigmund
  2495 | D:4      | Noticed Robin
  2524 | D:4      | Killed Robin
  2779 | D:4      | Reached skill level 5 in Fighting
  2948 | D:4      | Reached XP level 8. HP: 59/62 MP: 8/8
  3086 | D:5      | Entered Level 5 of the Dungeon
  3128 | D:5      | Reached skill level 5 in Throwing
  3323 | D:5      | Noticed a yak
  3323 | D:5      | Noticed a yak
  3323 | D:5      | Noticed a yak
  3324 | D:5      | Noticed a yak
  3328 | D:5      | Noticed Grinder
  3335 | D:5      | Noticed a yak
  3348 | D:5      | Killed a yak
  3361 | D:5      | Killed a yak
  3377 | D:5      | Killed Grinder
  3378 | D:5      | Reached XP level 9. HP: 29/71 MP: 3/9
  4031 | D:5      | Noticed Edmund
  4043 | D:5      | Killed Edmund
  4321 | D:5      | Found a radiant altar of Vehumet.
  4488 | D:6      | Reached XP level 10. HP: 77/80 MP: 3/10
  4521 | D:6      | Found a staircase to the Ecumenical Temple.
  4536 | Temple   | Entered the Ecumenical Temple
  4579 | Temple   | Became a worshipper of Makhleb the Destroyer
  4631 | D:6      | Noticed Eustachio
  4658 | D:6      | Killed Eustachio
  4659 | D:6      | Reached skill level 10 in Polearms
  4659 | D:6      | Reached skill level 10 in Dodging
  4712 | D:6      | You fall into a shaft and drop 3 floors!
  4804 | D:8      | Reached skill level 1 in Invocations
  4894 | D:8      | Found a staircase to the Lair.
  5091 | D:8      | Found an ornate altar of the Wu Jian Council.
  5104 | D:8      | Noticed Maggie
  5119 | D:8      | Killed Maggie
  5274 | D:8      | Found a snail-covered altar of Cheibriados.
  5690 | D:8      | Found a blossoming altar of Fedhas.
  5765 | D:7      | Noticed Menkaure
  5776 | D:7      | Killed Menkaure
  5776 | D:7      | Reached * piety under Makhleb
  5902 | D:7      | Found a sparkling altar of Nemelex Xobeh.
  6051 | D:7      | Found a hazy altar of Hepliaklqana.
  6077 | D:7      | Reached XP level 11. HP: 89/89 MP: 4/14
  6224 | D:7      | Noticed Prince Ribbit
  6231 | D:7      | Killed Prince Ribbit
  6483 | D:7      | Found a runed translucent door.
  6484 | D:7      | Noticed a cyclops
  6484 | D:7      | Noticed Cressida's ghost (novice MiFi)
  6802 | D:6      | Reached ** piety under Makhleb
  6830 | D:6      | Demolished by a large slime creature

Illustrated notes

Levels and vault maps discovered:
D:1:      ncdulo_wetmaze, layout_basic, hangedman_decor_clover_reticule,
          serial_park_tiny_2
D:2:      layout_loops_ring, dreamdust_ecumenical_altar_angels_and_demons,
          palyth_stone_intersect, minivault_26, uniq_terence
D:3:      minmay_skewed_foursquare, layout_rooms,
          grunt_dithmenos_smoke_and_mirrors, zin_purify
D:4:      layout_cave_pods, kennysheep_boxes, uniq_sigmund, uniq_duvessa,
          uniq_robin
D:5:      layout_cave_pools, general_overflow_altar, serial_gnoll_camp,
          gnoll_camp_mini_doghouse, gnoll_camp_medium_01, gnoll_camp_mini_basic,
          gnoll_camp_mini_basic, gnoll_camp_mini_loothouse,
          lexackson_kobold_supper, uniq_edmund, uniq_grinder
D:6:      cheibrodos_fertilizer, layout_basic, trog_wizard, temple_fountains,
          uniq_eustachio
D:7:      layout_loops_ring, nemelex_dance_club_becter,
          nicolae_hepliaklqana_hazy_memory, ebering_ghost_inner_flame,
          uniq_menkaure, uniq_prince_ribbit1
D:8:      layout_gridville, lemuel_round_altar, nicolae_wu_jian_wuxing_cycle,
          slow_altar_1, erik_lair_dragon, uniq_maggie
D:9:      layout_long_grid, nicolae_qazlal_scattered_showers, orc_0_dummy,
          enter_bailey_8
Temple:   corrupted_temple

Skill      XL: |  1  2  3  4  5  6  7  8  9 10 |
---------------+-------------------------------+-----
Fighting       | 3 4 5 6 7 9 |  9.6
Dodging        | 5 6 8 9 11 | 11.7
Polearms       | 5 6 7 8 9 11 | 11.7
Throwing       | 3 4 6 7 |  7.4
Invocations    | 4 |  4.9

Action                     |  1- 3 |  4- 6 |  7- 9 | 10-12 || total
---------------------------+-------+-------+-------+-------++-------
  Melee: Trident           |    53 |       |       |       ||    53
         Punch             |     1 |       |     7 |     6 ||    14
         Spear             |    37 |   137 |   524 |   472 ||  1170
  Throw: Throwing net      |       |     4 |     1 |     1 ||     6
         Javelin           |       |       |     1 |       ||     1
    Use: Potion            |       |     5 |       |       ||     5
         Scroll            |       |       |     2 |       ||     2
   Stab: Sleeping          |       |     2 |     2 |     6 ||    10
         Held in net/web   |       |     1 |     2 |     1 ||     4
 Armour: Leather armour    |    29 |    18 |    65 |    53 ||   165
  Dodge: Dodged            |    46 |    47 |   219 |   154 ||   466
